Map: [ESL] Site Delta

Players

Elazer - Winner!

  • Race: Zerg Zerg
  • Spawn Location: 11:00

SKillous

  • Race: Protoss Protoss
  • Spawn Location: 5:00

Event: ESL Spring 2024 Finals

VOD

Have the link to the VOD?

Description

Time

  • Played on: May 31, 2024, 1:09 p.m.
  • Length: 10:31

All games in this series

Show
View Real Time Build Order
Export as new Build Order

Elazer Zerg - Winner!

Build Orders: Hatch First 

Get SALT Encoding   

  12  0:00  Drone  
  13  0:12  Overlord  
  13  0:17  Drone  
  14  0:30  Drone x2  
  16  0:48  Hatchery  
  15  0:51  Drone  
  15  0:54  Drone  
  17  0:58  Drone  
  18  1:09  Extractor  
  17  1:15  Spawning Pool  
  16  1:20  Drone  
  16  1:23  Drone  
  18  1:28  Drone  
  19  1:38  Drone  
  20  1:49  Overlord  
  20  2:02  Zergling x2, Queen x2  
  20  2:04  Drone  
  26  2:11  Zergling x2  
  26  2:13  Drone  
  26  2:15  Metabolic Boost  
  28  2:22  Drone, Zergling x2  
  30  2:32  Drone x2  
  32  2:38  Queen  
  34  2:50  Hatchery  
  33  2:53  Overlord  
  33  2:56  Zergling x2  
  33  2:57  Zergling x2  
  35  2:59  Drone  
  36  3:11  Queen  
  36  3:12  Drone x3  
  41  3:18  Drone  
  42  3:27  Overlord  
  40  3:30  Drone x4  
  43  3:38  Zergling x2  
  44  3:44  Queen  
  44  3:45  Zergling x2  
  44  3:46  Zergling x2  
  44  3:48  Zergling x2  
  49  3:54  Drone x3  
  46  3:57  Drone  
  46  4:01  Drone  
  46  4:05  Drone x2  
  48  4:13  Drone x3  
  48  4:16  Drone x2  
  51  4:21  Queen  
  53  4:27  Spore Crawler, Drone  
  53  4:29  Spore Crawler  
  52  4:33  Drone x3  
  52  4:37  Overlord  
  54  4:38  Drone  
  54  4:40  Drone  
  54  4:44  Drone x2  
  54  4:47  Drone x2  
  54  4:50  Drone  
  57  4:55  Overlord  
  57  4:56  Drone x2  
  57  4:59  Drone x2  
  61  5:02  Evolution Chamber  
  61  5:03  Drone  
  61  5:04  Drone  
  61  5:06  Drone  
  63  5:08  Overlord  
  63  5:11  Overlord  
  63  5:18  Overlord  
  63  5:19  Drone x2  
  65  5:24  Overlord  
  65  5:27  Drone x2  
  65  5:28  Zerg Melee Weapons Level 1  
  67  5:29  Zergling x6  
  67  5:31  Zergling x8  
  67  5:33  Zergling x4  
  67  5:35  Zergling x4  
  78  5:38  Zergling x4  
  80  5:46  Zergling x4  
  80  5:48  Zergling x2  
  83  5:50  Hatchery  
  83  5:52  Overlord  
  83  5:53  Zergling x2  
  83  5:55  Lair  
  83  6:03  Drone  
  84  6:05  Zergling x4  
  84  6:10  Overlord  
  84  6:11  Zergling x8  
  90  6:14  Zergling x4  
  90  6:17  Hatchery  
  91  6:23  Zergling x6  
  87  6:33  Zergling x12  
  87  6:34  Zergling x2  
  87  6:39  Zergling x2  
  90  6:45  Zergling x8  
  90  6:46  Queen x2  
  89  6:49  Zergling x2  
  89  6:51  Zergling x4  
  89  6:56  Queen  
  79  7:01  Zergling x6  
  79  7:06  Zergling x2  
  79  7:08  Queen  
  76  7:09  Zergling x2  
  76  7:14  Zergling x12  
  77  7:22  Zergling x6, Queen  
  78  7:23  Overseer  
  78  7:24  Zerg Melee Weapons Level 2  
  78  7:25  Overlord  
  72  7:31  Zergling x2  
  72  7:32  Zergling x2  
  72  7:34  Zergling x2  
  74  7:37  Zergling x4  
  74  7:42  Zergling x4  
  78  7:52  Zergling x8  
  78  7:57  Zergling x20  
  92  8:11  Zergling x10  
  94  8:13  Zergling x2  
  94  8:18  Zergling x12  
  98  8:21  Zergling x4  
  98  8:26  Overlord  
  97  8:28  Drone  
  97  8:29  Drone x7  
  97  8:30  Roach Warren  
  97  8:31  Drone x6  
  97  8:33  Drone  
  107  8:42  Zergling x2  
  107  8:43  Zergling x6  
  107  8:47  Zergling x4  
  105  8:50  Zergling x2  
  105  8:54  Zergling x2  
  105  8:55  Zergling x4  
  101  8:57  Zergling x4  
  101  9:01  Overlord  
  101  9:02  Zergling x16  
  105  9:05  Zergling x6  
  103  9:14  Zergling x8  
  103  9:16  Overlord  
  107  9:21  Drone  
  108  9:26  Overlord  
  108  9:27  Drone x3  
  108  9:30  Drone x4  
  114  9:37  Hatchery  
  112  9:39  Roach x7  
  112  9:44  Drone x3  
  129  9:45  Drone  
  129  9:46  Drone  
  129  9:52  Zergling x14  
  139  10:00  Spine Crawler, Zergling x12  
  139  10:04  Zergling x8  
  143  10:12  Zergling x14  
  143  10:13  Zergling x2  
  143  10:14  Zergling x6  
Show
View Real Time Build Order
Export as new Build Order

SKillous Protoss 

Build Orders: 1 Gate Expand, Oracle Opening 

Get SALT Encoding   

  12  0:00  Probe  
  13  0:12  Probe  
  14  0:19  Pylon  
  14  0:24  Probe  
  15  0:37  Probe (Chrono Boost)  
  15  0:39  Gateway  
  16  0:46  Probe (Chrono Boost)  
  16  0:48  Assimilator  
  17  0:52  Probe  
  18  1:04  Probe  
  19  1:16  Probe  
  20  1:25  Nexus  
  20  1:37  Cybernetics Core  
  20  1:39  Probe  
  21  1:45  Assimilator  
  21  1:54  Probe  
  21  1:55  Pylon  
  22  2:06  Probe  
  23  2:11  Adept (Chrono Boost)  
  25  2:17  Stargate  
  25  2:18  Probe  
  26  2:28  Warp Gate  
  26  2:31  Adept (Chrono Boost)  
  26  2:33  Probe (Chrono Boost)  
  29  2:37  Probe (Chrono Boost)  
  31  2:46  Probe (Chrono Boost)  
  31  2:47  Probe (Chrono Boost)  
  32  2:51  Probe (Chrono Boost)  
  32  2:54  Probe  
  32  2:57  Adept  
  36  3:01  Oracle (Chrono Boost)  
  36  3:03  Probe  
  40  3:07  Probe  
  40  3:11  Pylon  
  41  3:16  Probe  
  41  3:19  Probe  
  43  3:21  Gateway  
  43  3:28  Probe  
  43  3:30  Oracle (Chrono Boost)  
  47  3:40  Probe  
  48  3:41  Probe  
  48  3:44  Pylon  
  49  3:52  Probe  
  49  3:54  Probe  
  49  3:59  Nexus  
  47  4:04  Pylon  
  47  4:05  Probe  
  47  4:06  Probe  
  47  4:07  Oracle  
  52  4:17  Probe  
  53  4:18  Probe  
  53  4:19  Twilight Council  
  54  4:24  Adept  
  54  4:27  Assimilator  
  54  4:29  Probe  
  54  4:30  Assimilator, Probe  
  58  4:41  Probe  
  58  4:42  Probe  
  58  4:44  Gateway  
  60  4:46  Stalker  
  60  4:47  Gateway  
  62  4:53  Stalker  
  62  4:54  Probe (Chrono Boost)  
  62  4:57  Probe (Chrono Boost)  
  62  4:58  Blink (Chrono Boost)  
  66  5:05  Probe (Chrono Boost)  
  68  5:08  Probe (Chrono Boost)  
  68  5:10  Probe (Chrono Boost)  
  68  5:12  Probe  
  68  5:14  Stalker  
  72  5:16  Stalker  
  72  5:17  Probe  
  72  5:20  Probe  
  76  5:24  Probe  
  76  5:25  Gateway  
  76  5:26  Gateway  
  77  5:29  Probe  
  77  5:32  Probe  
  77  5:35  Pylon  
  79  5:36  Pylon  
  79  5:42  Stalker x3  
  85  5:44  Pylon  
  85  5:45  Pylon  
  85  5:55  Gateway  
  85  5:58  Stalker  
  85  6:01  Pylon  
  85  6:03  Shield Battery  
  87  6:05  Stalker x2  
  87  6:06  Stalker  
  93  6:20  Stalker x2  
  93  6:21  Stalker  
  97  6:30  Adept  
  95  6:36  Probe x3  
  94  6:51  Pylon  
  94  6:52  Pylon  
  87  6:57  Probe  
  87  7:00  Probe  
  77  7:08  Stalker x3  
  75  7:09  Probe  
  75  7:13  Probe, Pylon  
  75  7:15  Probe  
  70  7:18  Stalker  
  68  7:26  Probe (Chrono Boost)  
  68  7:27  Stalker, Probe (Chrono Boost)  
  66  7:37  Probe x2 (Chrono Boost)  
  65  7:39  Stalker  
  65  7:42  Probe (Chrono Boost)  
  69  7:46  Probe (Chrono Boost)  
  69  7:49  Probe (Chrono Boost)  
  71  7:51  Zealot, Probe (Chrono Boost)  
  71  7:53  Probe (Chrono Boost)  
  73  7:59  Zealot x2  
  74  8:07  Stalker  
  74  8:10  Probe x2  
  78  8:17  Pylon  
  78  8:18  Pylon  
  78  8:26  Stalker  
  78  8:30  Pylon  
  78  8:32  Stalker x2  
  78  8:36  Stalker  
  78  8:46  Stalker x2  
  73  8:51  Stalker  
  62  9:07  Stalker x3  
  68  9:12  Stalker x2  
  68  9:16  Stalker  
  74  9:35  Stalker x2  
  74  9:36  Stalker x2  
  82  9:45  Stalker x2  
  86  9:51  Pylon  
  86  9:53  Pylon  
  68  10:24  Stalker x6  
Tags
 
Add a new tag
Caveats
  • Supply blocks, unpowered buildings, or Contaminate may cause inaccurate times.
  • Supply counts are checked every 10 seconds.